 Dungeon Crawl Stone Soup version 0.32-a0-40-g2adb59ae06 (webtiles) character file.

Game seed: 4532081197328061118

447 innerfire43 the Lightning Rod (level 6, -1/73 HPs)
             Began as a Demonspawn Monk on Jan 24, 2024.
             Was a Follower of Qazlal.
             Slain by a polar bear (10 damage)
             ... created by the rage of Trog
             ... on level 4 of the Dungeon.
             The game lasted 00:06:26 (4069 turns).

innerfire43 the Lightning Rod (Demonspawn Monk)     Turns: 4069, Time: 00:06:27

Health: -1/73      AC: 23    Str: 13    XL:     6   Next: 73%
Magic:  9/9        EV:  2    Int: 11    God:    Qazlal [*.....]
Gold:   342        SH:  1    Dex: 15    Spells: 5/5 levels left

rFire   . . .        a - +0 hand axe
rCold   . . .        d - orb {light}
rNeg    . . .        i - melded +0 plate armour
rPois   +            (helmet currently unavailable)
rElec   .            (cloak currently unavailable)
rCorr   .            (gloves currently unavailable)
SInv    .            (boots currently unavailable)
Will    .....        (no amulet)
Stlth   +            (no ring)
HPRegen 0.32/turn    (no ring)
MPRegen 0.11/turn

%: no passive effects
@: tree-form, glowing
A: stationary, stasis, torment immunity, boosted hp, (slimy green scales 1),
demonic guardian 2
a: Renounce Religion


You were on level 4 of the Dungeon.
You worshipped Qazlal.
Qazlal was aware of your devotion.
You were a tree.
You visited 1 branch of the dungeon, and saw 4 of its levels.

You collected 342 gold pieces.

Inventory:

Hand Weapons
 a - a +0 hand axe (weapon)
Armour
 b - a +0 robe
 d - an orb of light (worn)
 i - a +0 plate armour (melded)
Jewellery
 f - a ring of wizardry
 n - a ring of fire
Wands
 t - a wand of polymorph (10)
Scrolls
 e - 3 scrolls of identify {unknown}
 g - 2 scrolls of fog {unknown}
 h - 3 scrolls of noise {unknown}
 j - a scroll of revelation {unknown}
 k - 2 scrolls of brand weapon {unknown}
 l - a scroll of enchant armour {unknown}
 m - a scroll of immolation {unknown}
 q - a scroll of blinking {unknown}
 v - a scroll of amnesia {unknown}
Potions
 p - 2 potions of curing
 r - a potion of enlightenment {unknown}
 s - a potion of mutation {unknown}
 u - a potion of resistance {unknown}


   Skills:
 + Level 4.5 Fighting
 + Level 4.1 Axes
 + Level 4.0 Dodging
 * Level 4.7 Invocations


You had 5 spell levels left.
You didn't know any spells.
Your spell library contained the following spells:

 Spells                   Type           Power      Damage    Failure   Level
 Lesser Beckoning         Tloc           0%         N/A       47%         2
 Gell's Gravitas          Tloc           0%         N/A       71%         3
 Teleport Other           Tloc           0%         N/A       71%         3
 Passage of Golubria      Tloc           0%         N/A       98%         4
 Silence                  Hex/Air        0%         N/A       100%        5
 Lehudib's Crystal Spear  Conj/Erth      0%         10d2      100%        8


Dungeon Overview and Level Annotations

Branches:
Dungeon (4/15)
 Temple: D:4-7

Altars:
Hepliaklqana
Nemelex Xobeh
Qazlal
Trog
Uskayaw


Innate Abilities, Weirdness & Mutations

You are a tree.
Your roots penetrate the ground, keeping you stationary.
You cannot be teleported.
You are immune to unholy pain and torment.
Your maximum health is greatly increased.
Your equipment is partially melded.
((You are partially covered in slimy green scales. (AC +2)))
A demonic guardian rushes to your aid.


Message History

The polar bear is moderately wounded.
You hit the black bear.
The black bear bites you but does no damage.
The black bear claws you.
* * * LOW HITPOINT WARNING * * *
The black bear claws you but does no damage.
The polar bear bites you but does no damage.
The polar bear claws you but does no damage. x2
Your rust devil hits the black bear!
Your rust devil corrodes the black bear!
The black bear bites you but does no damage.
The black bear claws you.
* * * LOW HITPOINT WARNING * * *
The black bear claws you but does no damage.
The polar bear bites you but does no damage.
The polar bear claws you but does no damage. x2
You barely miss the polar bear.
The polar bear is moderately wounded.
You hit the black bear.
The black bear bites you but does no damage.
The black bear claws you but does no damage. x2
The polar bear bites you.
* * * LOW HITPOINT WARNING * * *
The polar bear claws you.
* * * LOW HITPOINT WARNING * * *
The polar bear claws you but does no damage.
Your rust devil hits the polar bear.
The polar bear seems to be corroded for longer.
It was a potion of curing.
You feel better.
The black bear bites you but does no damage.
The black bear claws you but does no damage. x2
The polar bear bites you but does no damage.
The polar bear barely misses you. The polar bear claws you.
* * * LOW HITPOINT WARNING * * *
Your rust devil hits the black bear.
The black bear seems to be corroded for longer.
The black bear bites you but does no damage.
The black bear claws you but does no damage. x2
The polar bear bites you!
You die...

#### #### #.. ..# #.# #.#
#####.######.#######
#######.h♣4..............^
###......#h4.........#######
######...)....h###...............
.......#.#####.###.#####..#######
########.# ##....#.# #..# ######
#.# #.......# #....# ### .....#
#.# ##....#.## #.##.# #.. ####.#
#<# #.......# #.##.# #.# #.# #.#
#..#.#.## #.##.# #.#


You could see 2 polar bears, a black bear (berserk, corroded, ally target), a
friendly ice devil (summoned) and a friendly rust devil (summoned).

Vanquished Creatures
  A howler monkey (D:3)
  A bombardier beetle (D:3)
  2 hounds
  2 iguanas (D:4)
  An orc wizard (D:3)
  5 adders
  2 dart slugs
  2 ribbon worms (D:2)
  4 orcs
  9 endoplasms
  4 giant cockroaches
  13 hobgoblins
  3 jackals
  4 quokkas
  8 ball pythons
  5 bats
  2 frilled lizards
  9 goblins
  10 kobolds
  6 rats
93 creatures vanquished.

Vanquished Creatures (collateral kills)
  3 iguanas (D:4)
  A ribbon worm (D:4)
  An orc (D:3)
  A hobgoblin (D:2)
  3 jackals (D:4)
  A rat (D:2)
10 creatures vanquished.

Grand Total: 103 creatures vanquished

Notes
Turn   | Place    | Note
-------+----------+-------------------------------------------
     0 | D:1      | innerfire43 the Demonspawn Monk began the quest for the
                  | Orb.
     0 | D:1      | Reached XP level 1. HP: 18/18 MP: 1/1
   130 | D:1      | You fall into a shaft and drop 1 floor!
   168 | D:2      | Reached skill level 1 in Invocations
   168 | D:2      | Gained mutation: A weak demonic guardian rushes to your
                  | aid. [demonic ancestry]
   168 | D:2      | Reached XP level 2. HP: 21/24 MP: 1/3
   365 | D:2      | Gained mutation: You are partially covered in slimy green
                  | scales. (AC +2) [demonic ancestry]
   365 | D:2      | Reached XP level 3. HP: 26/29 MP: 4/4
   756 | D:1      | Found a faded altar of an unknown god.
   824 | D:1      | Prayed at the altar of an unknown god.
   824 | D:1      | Became a worshipper of Trog the Wrathful
   824 | D:1      | Reached * piety under Trog
   824 | D:1      | Reached ** piety under Trog
   979 | D:1      | Reached *** piety under Trog
  1019 | D:1      | Reached XP level 4. HP: 35/35 MP: 6/6
  1632 | D:2      | Found a hazy altar of Hepliaklqana.
  1998 | D:3      | Found a sparkling altar of Nemelex Xobeh.
  2013 | D:3      | Gained mutation: A demonic guardian rushes to your aid.
                  | [demonic ancestry]
  2013 | D:3      | Reached XP level 5. HP: 21/42 MP: 7/7
  2339 | D:3      | Found a stormy altar of Qazlal.
  2356 | D:3      | Fell from the grace of Trog
  2356 | D:3      | Became a worshipper of Qazlal Stormbringer
  3018 | D:4      | Reached XP level 6. HP: 42/48 MP: 8/8
  3352 | D:4      | Found a hide-covered altar of Uskayaw.
  3451 | D:4      | Reached * piety under Qazlal
  3688 | D:4      | Paralysed by Trog for 2 turns
  4057 | D:4      | Noticed a polar bear
  4057 | D:4      | Noticed a polar bear
  4069 | D:4      | Slain by a polar bear

Illustrated notes

Levels and vault maps discovered:
D:1:      heliophobic_arrival_enchanted_forest, layout_basic,
          shapermc_ecumenical_altar_acropolis, minmay_tetromino_i4
D:2:      layout_loops_ring, basic_altar
D:3:      layout_loops_ring, mainiacjoe_overflow_cross_hatched,
          mainiacjoe_overflow_concentric_impassable
D:4:      layout_loops_ring, mainiacjoe_overflow_chevrons, grunt_ministairs_5,
          chequers_serial_rivers_small_b

Skill      XL: |  1  2  3  4  5  6 |
---------------+-------------------+-----
Invocations    | 1 2 3 4 |  4.7
Dodging        | 3 4 |  4.0
Axes           | 3 4 |  4.1
Fighting       | 4 |  4.5

Action                     |  1- 3 |  4- 6 || total
---------------------------+-------+-------++-------
  Melee: Hand axe          |   108 |   247 ||   355
    Use: Potion            |       |     5 ||     5
 Armour: Robe              |    30 |       ||    30
         Plate armour      |    53 |   276 ||   329
         Skin              |       |    80 ||    80
  Dodge: Dodged            |    45 |    61 ||   106

Table legend: (Time is in decaauts)
 A = Elapsed time spent in this place.
 B = Non-inter-level travel time spent in this place.
 C = Inter-level travel time spent in this place.
 D = Time resting spent in this place.
 E = Time spent auto-exploring this place.
 F = Levels seen in this place.
 G = Mean time per level.
                   A        B        C        D        E       F      G
               +--------+--------+--------+--------+--------+-----+--------+
         Total |   4115 |   4066 |     49 |      0 |   3225 |   4 | 1028.8 |
       Dungeon |   4115 |   4066 |     49 |      0 |   3225 |   4 | 1028.8 |
               +--------+--------+--------+--------+--------+-----+--------+

Top non-repeatable levels by time:
     D:4: 1159 daAuts
     D:1: 1087 daAuts
     D:3: 955 daAuts
     D:2: 912 daAuts
